 Dungeon Crawl Stone Soup version 0.29.0-4-gdea44cf6ec (webtiles) character file.

Game seed: 15974523469362805081

1140 qw the Grappler (level 8, 0/66 HPs)
             Began as a Ghoul Fire Elementalist on Aug 29, 2022.
             Was a Follower of Okawaru.
             Slain by an ogre
             ... wielding a +0 giant spiked club
              (27 damage)
             ... on level 5 of the Dungeon.
             The game lasted 00:04:23 (6459 turns).

qw the Grappler (Ghoul Fire Elementalist)           Turns: 6459, Time: 00:04:23

Health: 0/66       AC: 11    Str: 14    XL:     8   Next: 37%
Magic:  8/10       EV:  8    Int: 16    God:    Okawaru [*.....]
Gold:   235        SH:  6    Dex: 15    Spells: 9/10 levels left

rFire   . . .      SeeInvis +     - Unarmed
rCold   + + .      Faith    .   r - +0 buckler
rNeg    + + +      Spirit   .   n - +0 chain mail
rPois   inf        Reflect  .   f - +0 helmet
rElec   .          Harm     .   (no cloak)
rCorr   .          Rampage  .   (no gloves)
Will    .....                   (no boots)
Stlth   +.........              (no amulet)
HPRegen 0.00/turn               b - +6 ring of dexterity
MPRegen 0.12/turn               l - ring of Taudgh Rizai {rC+ Int+6 SInv}

@: heroic, inhibited regen
A: claws 1, cold resistance 1, negative energy resistance 3, inhibited
regeneration, torment resistance 2, devour on kill
a: Renounce Religion, Heroism


You were on level 5 of the Dungeon.
You worshipped Okawaru.
Okawaru was aware of your devotion.
You visited 1 branch of the dungeon, and saw 5 of its levels.

You collected 235 gold pieces.


Innate Abilities, Weirdness & Mutations

You are immune to poison.
You have sharp fingernails.
Your flesh is cold resistant. (rC+)
You are immune to negative energy. (rN+++)
You do not regenerate when monsters are visible.
You are immune to unholy pain and torment.
You thrive by killing the living.


   Skills:
 + Level 3.9(8.9) Fighting
 - Level 1.0(6.0) Armour
 - Level 1.7(6.7) Dodging
 - Level 2.1(7.1) Stealth
 - Level 1.1(6.1) Shields
 - Level 8.2(13.2) Unarmed Combat
 - Level 1.7 Spellcasting
 - Level 0.7 Conjurations
 - Level 2.4 Fire Magic
 - Level 4.1 Invocations


You had 9 spell levels left.
You knew the following spells:

 Your Spells              Type           Power      Damage    Failure   Level
a - Foxfire               Conj/Fire      24%        2x1d5     95%         1

Your spell library contained the following spells:

 Spells                   Type           Power      Damage    Failure   Level
 Scorch                   Fire           18%        2d6       96%         2
 Conjure Flame            Conj/Fire      6%         6-21      100%        3
 Inner Flame              Hex/Fire       5%         N/A       100%        3
 Flame Wave               Conj/Fire      6%         2d5       100%        4

Inventory:

Armour
 f - a +0 helmet (worn)
 n - a +0 chain mail (worn)
 o - +0 pearl dragon scales
 r - a +0 buckler (worn)
Jewellery
 b - a +6 ring of dexterity (left claw)
 h - a ring of fire
 l - the ring of Taudgh Rizai (right claw) {rC+ Int+6 SInv}
   (You found it on level 3 of the Dungeon)

   [ring of intelligence]

   Int:       It affects your intelligence (+6).
   rC:        It protects you from cold.
   SInv:      It lets you see invisible.
Scrolls
 d - a scroll of immolation {unknown}
 g - a scroll of identify
 i - a scroll of noise {unknown}
 j - 4 scrolls of teleportation
 q - a scroll of enchant weapon
Potions
 a - a potion of mutation {unknown}
 c - a potion of ambrosia {unknown}
 e - a potion of resistance
 k - a potion of curing
 m - a potion of berserk rage {unknown}
 p - a potion of lignification {unknown}

Dungeon Overview and Level Annotations

Branches:
Dungeon (5/15)
 Temple: D:4-7

Altars:
Okawaru

Annotations:
D:4 2 transporters


Message History

Okawaru accepts your kill.
Magic restored.
Found 4 stones.
Things that are here:
a +0 giant spiked club; an ogre corpse You now have 235 gold pieces (gained 6).
You feel like a meek peon again.
Found a stone staircase leading down.
Enter note: An orc priest comes into view.
It is wielding a +0 mace.
6452 ||| INVOKING Heroism.
You gain the combat prowess of a mighty hero.
The orc priest calls down the wrath of Beogh upon you.
Beogh smites you!
You hear a shout!
You hear a howl!
An ogre comes into view. It is wielding a +0 giant spiked club.
The ogre shouts!
A scorpion comes into view.
You scratch the ogre.
The ogre is moderately wounded.
The ogre hits you with a +0 giant spiked club.
An orc comes into view. It is wielding a +0 club.
The orc shouts!
You claw the ogre!
The ogre is almost dead.
A howler monkey comes into view.
6457 ||| Stepping ~*~*~tactically~*~*~ (outnumbered).
The ogre attacks as you move away! The ogre barely misses you.
An orc comes into view. It is wielding a +0 club.
The orc priest looks braver for a moment.
The ogre hits you with a +0 giant spiked club!
The orc priest hits you but does no damage.
The scorpion stings you but does no damage.
You scratch the ogre but do no damage.
The ogre is almost dead.
The howler monkey hoots and howls with incredible vigour!
The orc priest hits you with a +0 mace. The scorpion stings you.
The ogre hits you with a +0 giant spiked club!!
You die...

#######.####.#
#............#
#.#######.####
#######.####
....>......#
..###.#.##.#
#.#.##.# #
#.##.# #.##@#
#....soO.....#
..h..##o#######
#######o# #.#
..# ###


You could see an ogre, a scorpion, a howler monkey, an orc priest and 2 orcs.

Vanquished Creatures
  Sigmund (D:4)
  A steam dragon (D:4)
  An ice beast (D:5)
  2 ogres (D:5)
  2 scorpions (D:5)
  3 hounds
  A gnoll bouda (D:5)
  A jelly (D:4)
  3 iguanas
  An orc wizard (D:4)
  4 gnolls (D:5)
  10 adders
  An ufetubus (D:5)
  A worm (D:4)
  4 dart slugs
  9 orcs
  6 endoplasms
  4 giant cockroaches
  7 hobgoblins
  8 jackals (D:3)
  4 quokkas
  6 ball pythons
  5 bats
  A frilled lizard (D:2)
  12 goblins
  7 kobolds
  2 rats
107 creatures vanquished.

Notes
Turn   | Place    | Note
-------+----------+-------------------------------------------
     0 | D:1      | qw the Ghoul Fire Elementalist began the quest for the Orb.
     0 | D:1      | Reached XP level 1. HP: 14/14 MP: 2/2
     0 | D:1      | 0 ||| qw: Version: 0.1-a-90-g952f4b7
     0 | D:1      | 0 ||| qw: Game counter: 3934
     0 | D:1      | 0 ||| qw: Always use a shield: true
     0 | D:1      | 0 ||| qw: God list: Okawaru
     0 | D:1      | 0 ||| qw: Allow faded altars: false
     0 | D:1      | 0 ||| qw: Do Orc after D:15 true
     0 | D:1      | 0 ||| qw: Do second Lair branch before Depths: true
     0 | D:1      | 0 ||| qw: Lair rune preference: random
     0 | D:1      | 0 ||| qw: Plans: Normal
     0 | D:1      | 0 ||| PLANNING D:1-11
   183 | D:1      | Reached skill level 1 in Unarmed Combat
   231 | D:1      | 231 ||| Stepping ~*~*~tactically~*~*~ (stealth).
   404 | D:1      | Reached XP level 2. HP: 22/22 MP: 3/3
   423 | D:1      | Reached skill level 1 in Fighting
   751 | D:1      | 751 ||| Stepping ~*~*~tactically~*~*~ (stealth).
   841 | D:1      | Found a faded altar of an unknown god.
   859 | D:1      | 859 ||| Stepping ~*~*~tactically~*~*~ (hiding).
   961 | D:1      | 961 ||| Stepping ~*~*~tactically~*~*~ (hiding).
  1063 | D:1      | 1063 ||| Stepping ~*~*~tactically~*~*~ (hiding).
  1165 | D:1      | 1165 ||| Stepping ~*~*~tactically~*~*~ (hiding).
  1267 | D:1      | 1267 ||| Stepping ~*~*~tactically~*~*~ (hiding).
  1369 | D:1      | 1369 ||| Stepping ~*~*~tactically~*~*~ (hiding).
  1471 | D:1      | 1471 ||| Stepping ~*~*~tactically~*~*~ (hiding).
  1573 | D:1      | 1573 ||| Stepping ~*~*~tactically~*~*~ (hiding).
  1764 | D:1      | Reached skill level 2 in Unarmed Combat
  2020 | D:1      | 2020 ||| UPGRADING to +0 ring mail.
  2030 | D:1      | 2030 ||| DROPPING +0 robe.
  2031 | D:1      | 2031 ||| UPGRADING to +0 helmet.
  2036 | D:1      | 2036 ||| READING scroll labelled ITUAQA QOES.
  2037 | D:1      | 2037 ||| DROPPING potion of magic.
  2080 | D:2      | Reached XP level 3. HP: 28/28 MP: 4/4
  2357 | D:2      | Reached skill level 3 in Unarmed Combat
  2626 | D:2      | 2626 ||| Stepping ~*~*~tactically~*~*~ (stealth).
  2632 | D:2      | 2632 ||| Stepping ~*~*~tactically~*~*~ (outnumbered).
  2648 | D:2      | 2648 ||| Stepping ~*~*~tactically~*~*~ (outnumbered).
  2649 | D:2      | 2649 ||| Stepping ~*~*~tactically~*~*~ (outnumbered).
  2650 | D:2      | 2650 ||| Stepping ~*~*~tactically~*~*~ (outnumbered).
  2654 | D:2      | 2654 ||| Stepping ~*~*~tactically~*~*~ (outnumbered).
  2655 | D:2      | 2655 ||| Stepping ~*~*~tactically~*~*~ (outnumbered).
  2876 | D:2      | Reached XP level 4. HP: 30/35 MP: 5/5
  3149 | D:2      | 3149 ||| UPGRADING to +0 scale mail.
  3159 | D:2      | 3159 ||| DROPPING +0 ring mail.
  3160 | D:2      | 3160 ||| UPGRADING to +6 ring of dexterity.
  3161 | D:2      | 3161 ||| READING 2 scrolls labelled HOTOTU SOARIA.
  3162 | D:2      | 3162 ||| READING 2 scrolls labelled BOURIONE MAODD.
  3167 | D:2      | 3167 ||| READING scroll labelled LOCSUOCAEL.
  3168 | D:2      | 3168 ||| READING scroll labelled ASOBBIESETE.
  3214 | D:3      | 3214 ||| Stepping ~*~*~tactically~*~*~ (stealth).
  3243 | D:3      | 3243 ||| FLEEEEING.
  3244 | D:3      | 3244 ||| FLEEEEING.
  3245 | D:3      | 3245 ||| FLEEEEING.
  3246 | D:3      | 3246 ||| FLEEEEING.
  3247 | D:3      | 3247 ||| FLEEEEING.
  3248 | D:3      | 3248 ||| FLEEEEING.
  3251 | D:3      | 3251 ||| FLEEEEING.
  3252 | D:3      | 3252 ||| FLEEEEING.
  3253 | D:3      | 3253 ||| FLEEEEING.
  3254 | D:3      | 3254 ||| FLEEEEING.
  3256 | D:3      | 3256 ||| FLEEEEING.
  3257 | D:3      | 3257 ||| FLEEEEING.
  3258 | D:3      | 3258 ||| FLEEEEING.
  3269 | D:3      | 3269 ||| STAIRDANCE
  3360 | D:3      | Identified the ring of Taudgh Rizai {rC+ Int+6 SInv}
  3366 | D:3      | 3366 ||| Stepping ~*~*~tactically~*~*~ (outnumbered).
  3369 | D:3      | 3369 ||| Stepping ~*~*~tactically~*~*~ (outnumbered).
  3392 | D:3      | 3392 ||| Stepping ~*~*~tactically~*~*~ (stealth).
  3396 | D:3      | 3396 ||| Stepping ~*~*~tactically~*~*~ (stealth).
  3796 | D:3      | Reached skill level 4 in Unarmed Combat
  4033 | D:3      | Found an iron altar of Okawaru.
  4038 | D:3      | Became a worshipper of Warmaster Okawaru
  4176 | D:3      | 4176 ||| UPGRADING to ring of Taudgh Rizai {rC+ Int+6
                  | SInv}.
  4177 | D:3      | 4177 ||| READING scroll labelled SEIVIHEICK.
  4178 | D:3      | 4178 ||| READING scroll labelled ZAICRI BONA.
  4179 | D:3      | 4179 ||| READING 2 scrolls of identify.
  4179 | D:3      | 4179 ||| IDENTIFYING bubbling purple potion
  4180 | D:3      | 4180 ||| DROPPING potion of invisibility.
  4264 | D:4      | Reached XP level 5. HP: 22/41 MP: 6/6
  4269 | D:4      | 4269 ||| Stepping ~*~*~tactically~*~*~ (stealth).
  4278 | D:4      | 4278 ||| Stepping ~*~*~tactically~*~*~ (stealth).
  4279 | D:4      | 4279 ||| Stepping ~*~*~tactically~*~*~ (stealth).
  4280 | D:4      | 4280 ||| Stepping ~*~*~tactically~*~*~ (stealth).
  4281 | D:4      | 4281 ||| Stepping ~*~*~tactically~*~*~ (stealth).
  4293 | D:4      | 4293 ||| Stepping ~*~*~tactically~*~*~ (stealth).
  4500 | D:4      | Noticed Sigmund
  4501 | D:4      | 4501 ||| Stepping ~*~*~tactically~*~*~ (hiding).
  4527 | D:4      | Killed Sigmund
  4528 | D:4      | Reached skill level 6 in Unarmed Combat
  4528 | D:4      | Reached XP level 6. HP: 13/48 MP: 7/7
  4844 | D:4      | Reached * piety under Okawaru
  4845 | D:4      | Reached skill level 1 in Armour
  4861 | D:4      | Found a transporter.
  4997 | D:4      | Found a transporter.
  5013 | D:4      | 5013 ||| INVOKING Heroism.
  5014 | D:4      | 5014 ||| Stepping ~*~*~tactically~*~*~ (outnumbered).
  5258 | D:4      | 5258 ||| Stepping ~*~*~tactically~*~*~ (stealth).
  5271 | D:4      | Reached skill level 1 in Invocations
  5271 | D:4      | Reached XP level 7. HP: 54/56 MP: 8/8
  5516 | D:4      | 5516 ||| INVOKING Heroism.
  5520 | D:4      | Reached skill level 3 in Fighting
  5665 | D:4      | Noticed a steam dragon
  5666 | D:4      | 5666 ||| INVOKING Heroism.
  5668 | D:4      | Killed a steam dragon
  5669 | D:4      | 5669 ||| Stepping ~*~*~tactically~*~*~ (cloud).
  5670 | D:4      | 5670 ||| Stepping ~*~*~tactically~*~*~ (cloud).
  5780 | D:4      | 5780 ||| UPGRADING to +0 chain mail.
  5790 | D:4      | 5790 ||| DROPPING +0 scale mail.
  5791 | D:4      | 5791 ||| UPGRADING to +0 buckler.
  5796 | D:4      | 5796 ||| READING scroll labelled LUAMUR MUEGUDGHUKKE.
  5797 | D:4      | 5797 ||| DRINKING 2 fizzy emerald potions.
  5798 | D:4      | 5798 ||| DRINKING 2 golden potions.
  5799 | D:4      | 5799 ||| DROPPING potion of flight.
  5834 | D:5      | Entered Level 5 of the Dungeon
  5871 | D:5      | 5871 ||| Stepping ~*~*~tactically~*~*~ (stealth).
  5879 | D:5      | 5879 ||| Stepping ~*~*~tactically~*~*~ (stealth).
  5883 | D:5      | Reached skill level 1 in Shields
  5883 | D:5      | Reached skill level 3 in Invocations
  6166 | D:5      | 6166 ||| INVOKING Heroism.
  6172 | D:5      | Reached skill level 7 in Unarmed Combat
  6240 | D:5      | 6240 ||| Stepping ~*~*~tactically~*~*~ (stealth).
  6242 | D:5      | 6242 ||| Stepping ~*~*~tactically~*~*~ (stealth).
  6243 | D:5      | 6243 ||| INVOKING Heroism.
  6250 | D:5      | Reached XP level 8. HP: 63/63 MP: 6/10
  6372 | D:5      | Reached ** piety under Okawaru
  6403 | D:5      | Reached skill level 8 in Unarmed Combat
  6408 | D:5      | 6408 ||| INVOKING Heroism.
  6452 | D:5      | 6452 ||| INVOKING Heroism.
  6457 | D:5      | 6457 ||| Stepping ~*~*~tactically~*~*~ (outnumbered).
  6459 | D:5      | Slain by an ogre

Levels and vault maps discovered:
D:1:      shiori_arrival_oz, layout_basic, shapermc_ecumenical_altar_flowoftime
D:2:      kennysheep_the_goblin_king, layout_basic
D:3:      minmay_door_path, layout_basic, marbit_many_paths
D:4:      gammafunk_cloud_chamber, layout_basic, grunt_decor_arrowhead,
          uniq_sigmund
D:5:      wad_river_or_something, layout_loops_ring,
          minmay_temple_entry_enclosed_plants

Skill      XL: |  1  2  3  4  5  6  7  8 |
---------------+-------------------------+-----
Unarmed Combat | 1 2 3 4 6 7 8 |  8.2
Fighting       | 1 2 3 |  3.9
Armour         | 1 |  1.0
Invocations    | 1 4 |  4.1
Shields        | 1 |  1.1
Dodging        | |  1.7
Stealth        | |  2.1
Spellcasting   | |  1.7
Conjurations   | |  0.7
Fire Magic     | |  2.4

Action                   |  1- 3 |  4- 6 |  7- 9 || total
-------------------------+-------+-------+-------++-------
Melee: Unarmed           |   147 |   196 |   110 ||   453
       Punch             |       |     4 |       ||     4
Invok: Heroism           |       |     1 |     6 ||     7
  Use: Scroll            |     1 |     7 |     1 ||     9
       Potion            |       |       |     2 ||     2
Armor: Ring mail         |    30 |    13 |       ||    43
       Robe              |     1 |       |       ||     1
       Scale mail        |       |    84 |       ||    84
       Chain mail        |       |       |    36 ||    36
Dodge: Dodged            |    54 |   106 |    30 ||   190
Block: Buckler           |       |       |    14 ||    14

Table legend:
 A = Non-vault XP
 B = Vault XP
 C = Vault XP percentage of total XP
 D = Non-vault monster count
 E = Vault monster count
 F = Vault count percentage of total count
                 A         B        C        D         E       F
            +---------+---------+-------+---------+---------+-------
      Total |    1043 |     586 |  36.0 |      85 |      22 |  20.6
            +---------+---------+-------+---------+---------+-------
        D:1 |      31 |       2 |   6.1 |      16 |       2 |  11.1
        D:2 |      38 |      12 |  24.0 |      17 |       7 |  29.2
        D:3 |      53 |       6 |  10.2 |      18 |       3 |  14.3
        D:4 |     464 |     223 |  32.5 |      24 |       1 |   4.0
        D:5 |     457 |     343 |  42.9 |      10 |       9 |  47.4
            +---------+---------+-------+---------+---------+-------
